 Dungeon Crawl Stone Soup version 0.27-a0-1196-g3e9cee4cb2 (webtiles) character file.

Game seed: 10677377755917870793

87 senseless the Ruffian (level 4, 0/42 HPs)
             Began as an Ogre Transmuter on May 29, 2021.
             Slain by Ijyb
             ... wielding a +0 dagger
              (3 damage)
             ... while paralysed by Ijyb
             ... on level 3 of the Dungeon.
             The game lasted 00:07:18 (2676 turns).

senseless the Ruffian (Ogre Transmuter)             Turns: 2676, Time: 00:07:19

Health: 0/42       AC:  3    Str: 14    XL:     4   Next: 51%
Magic:  7/8        EV:  1    Int: 14    God:
Gold:   117        SH:  0    Dex: 10    Spells: 3/9 levels left

rFire    . . .     SeeInvis .   f - +3 short sword
rCold    . . .     Faith    .   (no shield)
rNeg     . . .     Spirit   .   a - +0 robe
rPois    .         Reflect  .   (helmet currently unavailable)
rElec    .         Harm     .   (no cloak)
rCorr    .         Rampage  .   (gloves unavailable)
Will     .....                  (boots unavailable)
Stlth    +.........             (no amulet)
HPRegen  0.14/turn              (no ring)
MPRegen  0.11/turn              (no ring)

@: paralysed, appendages
A: horns 2, talons 2, large, unfitting armour, tough skin 1
a: End Transformation


You were on level 3 of the Dungeon.
You had temporarily grown beastly horns and talons.
You visited 1 branch of the dungeon, and saw 3 of its levels.

You collected 117 gold pieces.

Inventory:

Hand Weapons
 f - a +3 short sword (weapon)
Armour
 a - a +0 robe (worn)
Scrolls
 b - 2 scrolls of identify
Potions
 d - 3 potions of flight


   Skills:
 + Level 1.7 Fighting
 + Level 2.1 Dodging
 + Level 0.3 Stealth
 + Level 3.7 Unarmed Combat
 + Level 3.1 Spellcasting
 + Level 2.2 Transmutations


You had 3 spell levels left.
You knew the following spells:

 Your Spells              Type           Power      Damage    Failure   Level
a - Beastly Appendage     Tmut           16%        N/A       9%          1
b - Wereblood             Tmut           8%         N/A       13%         2
c - Spider Form           Tmut/Pois      2%         N/A       36%         3

Your spell library contained the following spells:

 Spells                   Type           Power      Damage    Failure   Level
 Summon Small Mammal      Summ           8%         N/A       22%         1
 Call Imp                 Summ           2%         N/A       32%         2
 Call Canine Familiar     Summ           2%         N/A       54%         3
 Summon Guardian Golem    Hex/Summ       2%         N/A       54%         3
 Ice Form                 Ice/Tmut       5%         N/A       78%         4
 Summon Ice Beast         Ice/Summ       2%         N/A       91%         4
 Summon Lightning Spire   Summ/Air       2%         N/A       91%         4
 Hydra Form               Tmut           4%         N/A       93%         5


Dungeon Overview and Level Annotations

Branches:
Dungeon (3/15)

Altars:
Ru

Shops:
D:2 *

Annotations:
D:3 Ijyb


Innate Abilities, Weirdness & Mutations

You have temporarily grown beastly horns and talons.
You are too large for most types of armour.
You have tough skin. (AC +1)


Message History

You suddenly lose the ability to move!
You hear a zap.
You shrug off the repeated paralysis!
You hear a zap.
Something tries to affect you, but you resist.
Something hits you.
Your horns disappear.
Your talons disappear.
You hear a zap.
Something tries to affect you, but you resist.
Something hits you. Something hits you but does no damage.
You can move again.
You hit something but do no damage. Something hits you.
You miss something. Something hits you. x2
You hit something but do no damage. Something hits you but does no damage.
You hit something but do no damage.
You hear a zap.
You suddenly lose the ability to move!
Something hits you.
* * * LOW HITPOINT WARNING * * *
You can move again.
Unknown command.
You hit something but do no damage. Something hits you.
* * * LOW HITPOINT WARNING * * *
You miss something.
You hear a zap.
You shrug off the repeated paralysis!
Okay, then.
You are too injured to fight recklessly!
Casting: Beastly Appendage (safe; 9% risk of failure)
Confirm with . or Enter, or press ? or * to list all spells.
You grow a pair of large bovine horns.
Your feet morph into talons.
Something hits you but does no damage.
You miss something. Your kick misses something.
You hear a zap.
You suddenly lose the ability to move!
Something hits you.
* * * LOW HITPOINT WARNING * * *
Something hits you.
You die...

###### #....# #########
########....####.......#
...............)@{......
##.#####....####.......#
.#.# ###### #########
.#.# .#.# .#.#
.#.######## ...........
#..........


There were no monsters in sight!

Vanquished Creatures
  2 adders (D:2)
  A worm (D:3)
  2 dart slugs
  5 ball pythons
  2 bats
  8 endoplasms
  5 giant cockroaches
  5 goblins
  6 hobgoblins
  2 jackals (D:1)
  3 kobolds
  5 quokkas
  5 frilled lizards
  3 rats
54 creatures vanquished.

Notes
Turn   | Place    | Note
-------+----------+-------------------------------------------
     0 | D:1      | senseless the Ogre Transmuter began the quest for the Orb.
     0 | D:1      | Reached XP level 1. HP: 19/19 MP: 3/3
   180 | D:1      | Reached XP level 2. HP: 27/27 MP: 3/5
   654 | D:1      | Reached XP level 3. HP: 32/33 MP: 4/6
  1033 | D:1      | Learned a level 2 spell: Wereblood
  1037 | D:1      | Learned a level 3 spell: Spider Form
  1629 | D:2      | Found Ifruge's Assorted Antiques.
  1780 | D:2      | Reached XP level 4. HP: 24/41 MP: 6/8
  2116 | D:2      | Found a sacrificial altar of Ru.
  2649 | D:3      | Noticed Ijyb
  2654 | D:3      | Paralysed by something for 2 turns
  2659 | D:3      | Paralysed by something for 7 turns
  2669 | D:3      | Paralysed by something for 2 turns
  2674 | D:3      | Paralysed by something for 5 turns
  2675 | D:3      | HP: 2/42 [something (4)]
  2676 | D:3      | Slain by Ijyb

Illustrated notes

Levels and vault maps discovered:
D:1:      erik_arrival_triangle_small, layout_basic
D:2:      layout_basic, serial_shops, shop, basic_altar, minmay_tromino_v4_b
D:3:      layout_basic, kennysheep_generic_room_13, uniq_ijyb

Skill      XL: |  1  2  3  4 |
---------------+-------------+-----
Unarmed Combat | 3 |  3.7
Transmutations | 2 |  2.2
Dodging        | 2 |  2.1
Spellcasting   | 3 |  3.1
Fighting       | |  1.7
Stealth        | |  0.3

Action                   |  1- 3 |  4- 6 || total
-------------------------+-------+-------++-------
Melee: Unarmed           |   109 |    12 ||   121
       Kick              |    20 |     9 ||    29
       Headbutt          |    10 |     2 ||    12
       Punch             |     2 |       ||     2
       Short sword       |       |    27 ||    27
 Cast: Beastly Appendage |    26 |     9 ||    35
  Use: Scroll            |     1 |     3 ||     4
 Stab: Sleeping          |     1 |       ||     1
Armor: Robe              |    32 |     7 ||    39
Dodge: Dodged            |    45 |     5 ||    50

Table legend: (Time is in decaauts)
 A = Elapsed time spent in this place.
 B = Non-inter-level travel time spent in this place.
 C = Inter-level travel time spent in this place.
 D = Time resting spent in this place.
 E = Time spent auto-exploring this place.
 F = Levels seen in this place.
 G = Mean time per level.
                   A        B        C        D        E       F      G
               +--------+--------+--------+--------+--------+-----+--------+
         Total |   2671 |   2537 |    134 |     32 |   2176 |   3 |  890.3 |
       Dungeon |   2671 |   2537 |    134 |     32 |   2176 |   3 |  890.3 |
               +--------+--------+--------+--------+--------+-----+--------+

Top non-repeatable levels by time:
     D:2: 1493 daAuts
     D:1: 1034 daAuts
     D:3: 143 daAuts
